 Dungeon Crawl Stone Soup version 0.20-a0-1025-g4706f7e (webtiles) character file.

44 sighowe the Skirmisher (level 3, -1/33 HPs)
             Began as a Demonspawn Wanderer on Apr 19, 2017.
             Slain by an adder (3 damage)
             ... on level 2 of the Dungeon.
             The game lasted 00:06:55 (2010 turns).

sighowe the Skirmisher (Demonspawn Wanderer)        Turns: 2010, Time: 00:06:55

Health: -1/33      AC:  2    Str: 12    XL:     3   Next: 39%
Magic:  4/4        EV: 12    Int: 13    God:
Gold:   82         SH:  0    Dex: 13    Spells: 2/2 levels left

rFire    + . .     SeeInvis .   j - +1 dagger
rCold    + . .     Gourm    .   (no shield)
rNeg     . . .     Faith    .   c - +0 robe
rPois    +         Spirit   .   (no helmet)
rElec    +         Reflect  .   (no cloak)
rCorr    +         Harm     .   (no gloves)
MR       .....                  (no boots)
Stlth    ++........             (no amulet)
Regen    0.2/turn               (no ring)
MPRegen  0.1/turn               (no ring)

@: lethally poisoned (-1 -> -4), resistant
A: claws 1, demonic guardian 1
a: no special abilities


You were on level 2 of the Dungeon.
You were not hungry.

You visited 1 branch of the dungeon, and saw 2 of its levels.

You collected 82 gold pieces.

Inventory:

Hand Weapons
 d - a +0 dagger
 j - a +1 dagger (weapon)
Armour
 c - a +0 robe (worn)
Wands
 a - a wand of enslavement (24/24)
Scrolls
 e - a scroll of amnesia {unknown}
 f - 2 scrolls of remove curse {unknown}
 g - 2 scrolls of identify {unknown}
 k - a scroll of enchant armour {unknown}
Potions
 b - 2 potions of lignification
Comestibles
 h - 2 royal jellies


   Skills:
 + Level 5.5 Fighting
 + Level 0.1 Short Blades
   Level 1.0 Bows
 * Level 1.0 Dodging
 + Level 2.8 Stealth
 * Level 1.5 Evocations


You had 2 spell levels left.
You didn't know any spells.

Dungeon Overview and Level Annotations

Branches:
Dungeon (2/15)

Altars:
Makhleb
Okawaru
Trog


Innate Abilities, Weirdness & Mutations

You have sharp fingernails.
A weak demonic guardian rushes to your aid.


Message History

The adder barely misses you.
You hit the adder.
The adder is moderately wounded.
You feel sick. The adder misses you. The adder bites you.
* * * LOW HITPOINT WARNING * * *
It was a potion of resistance.
You feel protected. The adder barely misses you.
You feel sick. The adder misses you. The adder bites you but does no damage.
You hit the adder.
The adder is severely wounded.
You feel sick. The adder bites you.
* * * LOW HITPOINT WARNING * * *
You hit the adder.
The adder is almost dead.
The adder bites you.
* * * LOW HITPOINT WARNING * * *
The adder bites you.
You die...

.# #.## #### ...###
##..# .#... ##..##
##...## #_P..# #.....#.#
#....#####<.......
#####_P).'.##.......#.
#...P..S@#............
......#_.P.#####.....#.#
######.#..## ....### #
###### #####


You could see an adder.

Vanquished Creatures
  An ooze (D:1)
  A dart slug (D:1)
  4 leopard geckos (D:1)
  6 bats (D:1)
  3 giant cockroaches (D:1)
  4 goblins (D:1)
  6 hobgoblins
  A ball python (D:1)
  2 frilled lizards (D:1)
  A kobold (D:1)
  4 rats (D:1)
33 creatures vanquished.

Notes
Turn   | Place    | Note
-------+----------+-------------------------------------------
     0 | D:1      | sighowe the Demonspawn Wanderer began the quest for the Orb.
     0 | D:1      | sighowe set off with: a wand of enslavement (15/24), 2 potions of lignification, a +0 robe, a +0 dagger, a bread ration
     0 | D:1      | Reached XP level 1. HP: 21/21 MP: 1/1
   187 | D:1      | HP: 1/21 [hobgoblin/club (5)]
   527 | D:1      | Gained mutation: You have sharp fingernails. [demonic ancestry]
   527 | D:1      | Reached XP level 2. HP: 24/27 MP: 2/2
  1288 | D:1      | Gained mutation: A weak demonic guardian rushes to your aid. [demonic ancestry]
  1288 | D:1      | Reached XP level 3. HP: 24/33 MP: 3/3
  1642 | D:1      | Reached skill level 1 in Dodging
  1886 | D:2      | Found a bloodstained altar of Trog.
  1886 | D:2      | Found an iron altar of Okawaru.
  1886 | D:2      | Found a burning altar of Makhleb.
  2010 | D:2      | Slain by an adder

Vault maps used:
D:1:      wheals_arrival_linesprint
D:2:      gammafunk_temple_overflow_forgotten, first_bread, uniq_sigmund

Skill      XL: |  1  2  3 |
---------------+----------+-----
Dodging        | 1 |  1.0
Fighting       | |  5.5
Short Blades   | |  0.1
Bows           | |  1.0
Stealth        | |  2.8
Evocations     | |  1.5

Action                   || total
-------------------------++-------
Melee: Dagger            ||   259
  Use: Scroll            ||     2
       Potion            ||     1
 Stab: Sleeping          ||     4
  Eat: Bread ration      ||     1
Armor: Robe              ||    45
Dodge: Dodged            ||   127
